 Dungeon Crawl Stone Soup version 0.30-a0-1161-g0704695555 (webtiles) character file.

Game seed: 13006130779379178785

31777 funkygono the Severer (level 13, -3/122 HPs)
             Began as a Minotaur Fighter on Apr 27, 2023.
             Was a High Priest of Okawaru.
             Slain by a komodo dragon (15 damage)
             ... on level 5 of the Lair of Beasts.
             The game lasted 00:21:22 (12910 turns).

funkygono the Severer (Minotaur Fighter)           Turns: 12910, Time: 00:21:23

Health: -3/122     AC: 30    Str: 31    XL:     13   Next: 27%
Magic:  14/14      EV: 10    Int:  5    God:    Okawaru [*****.]
Gold:   1038       SH: 11    Dex: 11    Spells: 12/12 levels left

rFire   . . .        a - +1 war axe
rCold   . . .        c - +0 buckler
rNeg    . . .        P - +3 plate armour of the Old World {*Corrode rElec rPois}
rPois   +            (helmet restricted)
rElec   +            h - +1 cloak
rCorr   .            f - +1 pair of gloves
SInv    .            H - +1 pair of boots
Will    .....        d - amulet of reflection Stlth
                     C - +4 ring of protection
HPRegen 0.40/turn    l - +6 ring of strength
MPRegen 0.14/turn

%: corrode self (3%), reflection
@: about to teleport, frozen, very slow
A: horns 2, retaliatory headbutt
a: Renounce Religion, Heroism, Finesse, Duel


You were on level 5 of the Lair of Beasts.
You worshipped Okawaru.
Okawaru was extremely pleased with you.
You visited 3 branches of the dungeon, and saw 15 of its levels.

You collected 1038 gold pieces.

Inventory:

Hand Weapons
 a - a +1 war axe (weapon)
Missiles
 i - 3 throwing nets
 n - 8 javelins
 F - 6 boomerangs (quivered)
 L - 6 silver boomerangs
 O - 6 silver javelins
Armour
 c - a +0 buckler (worn)
 f - a +1 pair of gloves (worn)
 h - a +1 cloak (worn)
 H - a +1 pair of boots (worn)
 M - a +2 plate armour of positive energy
 P - the +3 plate armour of the Old World (worn) {*Corrode rElec rPois}
   (Okawaru gifted it to you on level 5 of the Lair of Beasts)

   rElec:     It insulates you from electricity.
   rPois:     It protects you from poison.
   *Corrode:  It may corrode you when you take damage.
Jewellery
 d - an amulet of reflection (around neck)
 e - a ring of protection from cold
 l - a +6 ring of strength (right hand)
 q - an amulet of the acrobat
 r - a ring of poison resistance
 C - a +4 ring of protection (left hand)
 E - a +6 ring of strength
 G - the ring "Haq Jiko" {rPois rCorr}
   (You took it off a centaur on level 8 of the Dungeon)

   [ring of poison resistance]

   rPois:     It protects you from poison.
   rCorr:     It protects you from acid and corrosion.
Wands
 I - a wand of polymorph (4)
 J - a wand of mindburst (11)
 K - a wand of roots (11)
 N - a wand of flame (14)
Scrolls
 b - 6 scrolls of poison
 t - a scroll of fog
 v - a scroll of magic mapping
 x - 2 scrolls of blinking
 y - 3 scrolls of teleportation
Potions
 g - a potion of berserk rage {unknown}
 j - a potion of might
 k - a potion of resistance
 m - 4 potions of haste
 o - a potion of magic {unknown}
 p - 4 potions of flight
 s - 4 potions of lignification
 u - 4 potions of attraction
 w - 3 potions of brilliance {unknown}
 z - 8 potions of curing
 A - 4 potions of mutation
 D - a potion of cancellation {unknown}


   Skills:
 + Level 13.1 Fighting
 + Level 17.0 Axes
 + Level 1.5 Throwing
 + Level 12.5 Armour
 + Level 5.2 Dodging
 + Level 1.2 Stealth
 + Level 10.6 Shields
 + Level 3.0 Invocations


You had 12 spell levels left.
You didn't know any spells.
Your spell library contained the following spells:

 Spells                   Type           Power      Damage    Failure   Level
 Apportation              Tloc           0%         N/A       98%         1
 Beastly Appendage        Tmut           0%         N/A       98%         1
 Foxfire                  Conj/Fire      0%         2x1d4     98%         1
 Kiss of Death            Conj/Necr      0%         2d5       98%         1
 Blink                    Tloc           0%         N/A       99%         2
 Lesser Beckoning         Tloc           0%         N/A       99%         2
 Momentum Strike          Conj/Tloc      0%         3d8       99%         2
 Poisonous Vapours        Pois/Air       0%         N/A       99%         2
 Sublimation of Blood     Necr           0%         N/A       99%         2
 Wereblood                Tmut           0%         N/A       99%         2
 Confusing Touch          Hex            0%         N/A       100%        3
 Mephitic Cloud           Conj/Pois/Air  0%         N/A       100%        3
 Spider Form              Tmut/Pois      0%         N/A       100%        3
 Dispel Undead            Necr           0%         3d6       100%        4
 Petrify                  Tmut/Erth      0%         N/A       100%        4
 Alistair's Intoxication  Tmut/Pois      0%         N/A       100%        5
 Fireball                 Conj/Fire      0%         3d3       100%        5
 Freezing Cloud           Conj/Ice/Air   0%         6-21      100%        5
 Irradiate                Conj/Tmut      0%         3d11      100%        5
 Plasma Beam              Fire/Air       0%         2x1d11    100%        6
 Starburst                Conj/Fire      0%         6d3       100%        6


Dungeon Overview and Level Annotations

Branches:
Dungeon (9/15)             Temple (1/1) D:7            Lair (5/5) D:9
 Shoals (0/4) Lair:3       Spider (0/4) Lair:2          Orc (0/2) D:9
  Slime: Lair:4-5

Altars:
Ashenzari
Cheibriados
Dithmenos
Elyvilon
Fedhas
Gozag
Hepliaklqana
Kikubaaqudgha
Makhleb
Nemelex Xobeh
Okawaru
Qazlal
Ru
Sif Muna
Trog
Uskayaw
Vehumet
Xom
Yredelemnul
Zin
The Shining One

Shops:
D:8 *


Innate Abilities, Weirdness & Mutations

You have a pair of horns on your head.
You reflexively headbutt those who attack you in melee.


Message History

The blink frog blinks!
The blink frog hits you but does no damage. x2
The rime drake breathes ice at you.
The icy flash freeze hits you but does no damage.
You are encased in ice.
As you read the scroll of teleportation, it crumbles to dust.
You feel strangely unstable. The blink frog barely misses you.
The blink frog hits you!
* * * LOW HITPOINT WARNING * * *
The blink frog hits you.
* * * LOW HITPOINT WARNING * * *
The blink frog blinks!
A yak comes into view.
You block the blink frog's attack.
Unknown command.
You hit the blink frog but do no damage.
You barely miss the komodo dragon. You hit the blink frog.
The blink frog blinks!
The blink frog hits you but does no damage.
The komodo dragon misses you. You furiously retaliate!
You headbutt the komodo dragon!
Unknown command.
You miss the blink frog. You slash the blink frog! You hit the komodo dragon.
The blink frog hits you but does no damage.
Unknown command.
You miss the blink frog.
You hit the komodo dragon but do no damage.
You hit the blink frog. x2
The blink frog hits you but does no damage.
The blink frog misses you. You block the blink frog's attack.
You block the komodo dragon's attack.
Unknown command.
You miss the blink frog. Your headbutt misses the blink frog.
You hit the komodo dragon but do no damage.
You hit the blink frog but do no damage.
You slash the blink frog! You block the blink frog's attack.
The blink frog blinks!
The blink frog hits you but does no damage.
The komodo dragon bites you!
You die...

.##....#.....
...........
....Y.... ##
##........ #
?....#..k.. ..
#.#..#FYY. ...
...Y+YlF# .§.
F..#YF@# ... .F
..+.§###....
#.###F#.#.........
#......#.........
#.#.#............
#....#.........~
#P...#......+..~
#....#.#.#..#..~
.....P####.### ..


You could see a komodo dragon, 5 yaks, 3 blink frogs and a rime drake.

Vanquished Creatures
  4 hydras
  A catoblepas (Lair:2)
  A centaur warrior (D:8)
  A two-headed ogre (D:8)
  7 death yaks
  A tengu warrior (D:8)
  A skyshark (Lair:5)
  Pikel (D:5)
  An elephant (D:9)
  2 black mambas
  A torpor snail (Lair:5)
  Joseph (D:7)
  7 cane toads
  A rime drake (Lair:5)
  4 komodo dragons
  A troll (D:8)
  3 polar bears
  5 blink frogs (Lair:5)
  Sigmund (D:5)
  A snapping turtle (Lair:3)
  2 dream sheep (Lair:5)
  A slime creature (D:8)
  4 wyverns
  5 basilisks
  2 shadows (D:9)
  31 yaks
  2 steam dragons (D:8)
  A redback (Lair:2)
  2 vampire mosquitoes (D:8)
  16 water moccasins
  A two-headed ogre zombie (D:9)
  3 orc warriors
  An ice beast (D:7)
  5 black bears
  A sky beast (D:6)
  An ogre (D:4)
  3 centaurs
  10 wolves
  2 phantoms (D:9)
  2 lemures (D:5)
  3 kobold brigands (D:8)
  2 gnoll sergeants (D:9)
  17 bullfrogs
  2 scorpions
  8 wights
  13 killer bees
  2 troll zombies (D:9)
  7 howler monkeys
  An electric eel (D:8)
  3 jellies
  7 orc priests
  3 iguanas
  A sleepcap (D:6)
  A gnoll bouda (D:9)
  Jessica (D:2)
  Ijyb (D:4)
  6 orc wizards
  5 ogre zombies (D:9)
  Robin (D:4)
  21 gnolls
  9 adders
  A shadow imp (D:5)
  5 white imps
  An ufetubus (D:6)
  3 worms
  A dart slug (D:3)
  31 orcs
  8 endoplasms
  A giant cockroach (D:3)
  5 goblins
  8 hobgoblins
  2 jackals (D:2)
  3 quokkas (D:4)
  5 ball pythons
  5 bats
  11 frilled lizards
  2 goblin skeletons (D:9)
  5 goblin zombies (D:9)
  A hobgoblin zombie (D:9)
  12 kobolds
  An orc skeleton (D:9)
  16 orc zombies (D:9)
  5 rats
386 creatures vanquished.

Vanquished Creatures (others)
  7 fungi
  38 plants
45 creatures vanquished.

Grand Total: 431 creatures vanquished

Notes
Turn   | Place    | Note
-------+----------+-------------------------------------------
     0 | D:1      | funkygono the Minotaur Fighter began the quest for the Orb.
     0 | D:1      | Reached XP level 1. HP: 19/19 MP: 0/0
   236 | D:1      | Reached XP level 2. HP: 27/27 MP: 1/1
   694 | D:1      | Reached skill level 3 in Axes
   758 | D:2      | Reached XP level 3. HP: 33/33 MP: 2/2
  1262 | D:2      | Noticed Jessica
  1266 | D:2      | Killed Jessica
  1267 | D:2      | Reached XP level 4. HP: 41/41 MP: 3/3
  1289 | D:2      | Reached skill level 4 in Axes
  1522 | D:3      | Found a blossoming altar of Fedhas.
  1663 | D:3      | Reached skill level 1 in Dodging
  1663 | D:3      | Reached XP level 5. HP: 47/47 MP: 4/4
  1824 | D:3      | Found a faded altar of an unknown god.
  1945 | D:3      | Reached skill level 5 in Axes
  2297 | D:4      | Noticed a wyvern
  2303 | D:4      | Killed a wyvern
  2304 | D:4      | Reached XP level 6. HP: 52/55 MP: 3/5
  2422 | D:4      | Reached skill level 6 in Axes
  2487 | D:4      | Noticed Robin
  2487 | D:4      | Noticed Ijyb
  2498 | D:4      | Killed Robin
  2518 | D:4      | Killed Ijyb
  2563 | D:4      | Reached skill level 5 in Fighting
  2749 | D:4      | Found an opulent altar of Gozag.
  3011 | D:5      | Entered Level 5 of the Dungeon
  3022 | D:5      | Reached XP level 7. HP: 49/61 MP: 4/6
  3024 | D:5      | Reached skill level 7 in Axes
  3036 | D:5      | HP: 3/61 [poisoned by a killer bee]
  3189 | D:5      | Noticed Sigmund
  3274 | D:5      | Killed Sigmund
  3275 | D:5      | Reached skill level 5 in Armour
  3290 | D:5      | Reached skill level 8 in Axes
  3606 | D:5      | Noticed Pikel
  3623 | D:5      | Killed Pikel
  3624 | D:5      | Reached skill level 9 in Axes
  3624 | D:5      | Reached skill level 5 in Shields
  3624 | D:5      | Reached XP level 8. HP: 18/70 MP: 1/7
  4155 | D:6      | Reached skill level 10 in Axes
  4292 | D:6      | Found a shimmering altar of Xom.
  4608 | D:6      | Identified a scroll of acquirement
  4608 | D:6      | Acquired a +4 ring of protection
  4705 | D:7      | Reached XP level 9. HP: 78/78 MP: 8/8
  4897 | D:7      | Noticed Joseph
  4912 | D:7      | Killed Joseph
  5137 | D:7      | Found a staircase to the Ecumenical Temple.
  5152 | Temple   | Entered the Ecumenical Temple
  5207 | Temple   | Became a worshipper of Warmaster Okawaru
  5507 | D:7      | Found a glowing silver altar of Zin.
  5522 | D:7      | Reached skill level 1 in Stealth
  5731 | D:7      | Found a faded altar of an unknown god.
  5731 | D:7      | Found a radiant altar of Vehumet.
  5739 | D:7      | Found a stormy altar of Qazlal.
  5741 | D:7      | Found a faded altar of an unknown god.
  5743 | D:7      | Found a sparkling altar of Nemelex Xobeh.
  5809 | D:8      | Found Gedent's Assorted Antiques.
  5832 | D:8      | Noticed a two-headed ogre
  5832 | D:8      | Noticed a tengu warrior
  5839 | D:8      | Reached skill level 11 in Axes
  5847 | D:8      | Killed a two-headed ogre
  5847 | D:8      | Reached * piety under Okawaru
  5856 | D:8      | Killed a tengu warrior
  5857 | D:8      | Reached XP level 10. HP: 43/88 MP: 2/9
  5861 | D:8      | Reached skill level 12 in Axes
  5908 | D:8      | Reached ** piety under Okawaru
  6115 | D:8      | Reached skill level 1 in Throwing
  6319 | D:8      | Identified the +1 sling of the Gloaming {freeze, rC++}
  6319 | D:8      | Identified the ring "Haq Jiko" {rPois rCorr}
  6592 | D:8      | Reached *** piety under Okawaru
  6632 | D:8      | Reached skill level 13 in Axes
  6728 | D:8      | Reached skill level 10 in Armour
  6769 | D:8      | Noticed a four-headed hydra
  6779 | D:8      | Killed an eight-headed hydra
  6780 | D:8      | Reached skill level 1 in Invocations
  6786 | D:8      | Identified the +2 shortbow of Immorality {drain, rElec rF+
                  | Int+3}
  6786 | D:8      | Noticed a centaur warrior
  6798 | D:8      | Killed a centaur warrior
  6798 | D:8      | Received a gift from Okawaru
  6799 | D:8      | Reached XP level 11. HP: 74/97 MP: 6/10
  6945 | D:8      | Found a burning altar of Makhleb.
  7035 | D:8      | Reached **** piety under Okawaru
  7381 | D:9      | Noticed a death yak
  7391 | D:9      | Found a staircase to the Lair.
  7406 | D:9      | Killed a death yak
  7424 | D:9      | Reached skill level 14 in Axes
  7570 | D:9      | Found a staircase to the Orcish Mines.
  7943 | D:9      | Reached skill level 10 in Fighting
  8218 | D:9      | Found a snail-covered altar of Cheibriados.
  8740 | Lair:1   | Entered Level 1 of the Lair of Beasts
  8824 | Lair:1   | Reached skill level 15 in Axes
  9168 | Lair:1   | Reached ***** piety under Okawaru
  9169 | Lair:1   | Reached XP level 12. HP: 97/108 MP: 12/12
  9389 | Lair:1   | Reached skill level 16 in Axes
 10047 | Lair:2   | Noticed a catoblepas
 10057 | Lair:2   | Killed a catoblepas
 10346 | Lair:2   | Found a hole to the Spider Nest.
 10514 | Lair:2   | Noticed an eight-headed hydra
 10527 | Lair:2   | Killed a 14-headed hydra
 10970 | Lair:3   | Reached skill level 5 in Dodging
 11433 | Lair:3   | Found a staircase to the Shoals.
 11684 | Lair:4   | Noticed a four-headed hydra
 11685 | Lair:4   | Noticed a five-headed hydra
 11703 | Lair:3   | Killed an eight-headed hydra
 11742 | Lair:4   | Killed a 15-headed hydra
 12623 | Lair:5   | Entered Level 5 of the Lair of Beasts
 12669 | Lair:5   | Reached skill level 10 in Shields
 12693 | Lair:5   | Identified the +3 plate armour of the Old World {*Corrode
                  | rElec rPois} (Okawaru gifted it to you on level 5 of the
                  | Lair of Beasts)
 12693 | Lair:5   | Received a gift from Okawaru
 12775 | Lair:5   | Reached XP level 13. HP: 112/119 MP: 14/14
 12891 | Lair:5   | Reached skill level 17 in Axes
 12903 | Lair:5   | HP: 1/122 [blink frog (11)]
 12910 | Lair:5   | Slain by a komodo dragon

Illustrated notes

Levels and vault maps discovered:
D:1:      dpeg_arrival_tiny_j, layout_basic
D:2:      layout_basic, uniq_jessica
D:3:      layout_rooms, mainiacjoe_overflow_boulevard,
          shapermc_ecumenical_altar_notcrosses, minmay_lizard_king
D:4:      layout_loops_cross, mainiacjoe_overflow_chevrons, nicolae_goblin_pals
D:5:      layout_basic, uniq_pikel, uniq_sigmund, uniq_ijyb
D:6:      layout_loops_ring, dk_xom_monty_hall
D:7:      layout_basic, mainiacjoe_overflow_paths,
          chequers_temple_overflow_minitemple, minmay_temple_entry_large_hall,
          grunt_ministairs_10, uniq_joseph
D:8:      minmay_the_grid_octo_tiled_octocenter
          [minmay_the_grid_octo_vomiting_pacman, minmay_the_grid_octo_checkered,
          minmay_the_grid_octo_focus, minmay_the_grid_octo_thin_diamonds,
          minmay_the_grid_octo_prize_ultimate_mussel_roller,
          minmay_the_grid_square_5x5_gyroscope,
          minmay_the_grid_square_5x5_hollow_slash,
          minmay_the_grid_square_5x5_minibox,
          minmay_the_grid_square_5x5_pentomino_r], layout_rooms,
          kennysheep_mini_moat, serial_rivers, chequers_serial_rivers_micro_e,
          chequers_serial_rivers_large_b, chequers_serial_rivers_micro_b,
          chequers_serial_rivers_micro_d, chequers_serial_rivers_micro_c,
          chequers_serial_rivers_micro_d, serial_bayou_pond_b,
          nicolae_stop_n_shop_1
D:9:      layout_layer_cave, cheibriados_altar_2, david_lair_generic,
          zombieorc2_lemuel, minmay_strange_pillars
Temple:   minmay_temple_forest_path
Lair:1:   layout_cellular_growth, serial_bayou_lagoon_b, grunt_megastairs_4,
          lemuel_fruit_fields
Lair:2:   layout_big_grid, spider_nest_entry_a
Lair:3:   layout_chaotic_city, minmay_shoals_entry_hut, minivault_23,
          serial_bayou_shore_b
Lair:4:   layout_hall_layers, serial_rivers, chequers_serial_rivers_micro_c,
          chequers_serial_rivers_micro_e, chequers_serial_rivers_micro_b,
          chequers_serial_rivers_room_a
Lair:5:   due_jungle_book, layout_regular_city, dpeg_slime_entry_enclosed,
          infiniplex_staircase_pool_2, grunt_megastairs_1

Skill      XL: |  1  2  3  4  5  6  7  8  9 10 11 12 13 |
---------------+----------------------------------------+-----
Fighting       | 4 5 6 8 9 10 12 13 | 13.1
Axes           | 3 4 5 6 9 10 11 13 15 16 17 | 17.0
Armour         | 4 6 7 9 10 11 12 | 12.5
Shields        | 4 5 6 7 10 | 10.6
Dodging        | 1 2 4 5 |  5.2
Stealth        | 1 |  1.2
Throwing       | 1 |  1.5
Invocations    | 1 2 3 |  3.0

Action                     |  1- 3 |  4- 6 |  7- 9 | 10-12 | 13-15 || total
---------------------------+-------+-------+-------+-------+-------++-------
  Melee: War axe           |    62 |   107 |   196 |   632 |    43 ||  1040
         Headbutt          |     4 |    21 |    36 |   148 |    12 ||   221
  Throw: Boomerang         |       |       |     2 |     5 |       ||     7
 Invoke: Heroism           |       |       |     1 |    23 |     1 ||    25
         Finesse           |       |       |       |     1 |       ||     1
    Use: Scroll            |       |     9 |     4 |    10 |     2 ||    25
         Potion            |       |       |     2 |     1 |     2 ||     5
 Armour: Scale mail        |    11 |       |       |       |       ||    11
         Chain mail        |    15 |    48 |   112 |    88 |       ||   263
         Plate armour      |       |       |       |   310 |    86 ||   396
  Dodge: Dodged            |    29 |    47 |    78 |   264 |    57 ||   475
  Block: Buckler           |    11 |    29 |    45 |   243 |    54 ||   382
         Reflection        |       |       |       |       |     1 ||     1

Table legend: (Time is in decaauts)
 A = Elapsed time spent in this place.
 B = Non-inter-level travel time spent in this place.
 C = Inter-level travel time spent in this place.
 D = Time resting spent in this place.
 E = Time spent auto-exploring this place.
 F = Levels seen in this place.
 G = Mean time per level.
                   A        B        C        D        E       F      G
               +--------+--------+--------+--------+--------+-----+--------+
         Total |  12867 |  12457 |    410 |    388 |   9658 |  15 |  857.8 |
       Dungeon |   8430 |   8215 |    215 |    388 |   6080 |   9 |  936.7 |
        Temple |    332 |    279 |     53 |      0 |    260 |   1 |  332.0 |
          Lair |   4103 |   3962 |    141 |      0 |   3318 |   5 |  820.6 |
               +--------+--------+--------+--------+--------+-----+--------+

Top non-repeatable levels by time:
     D:8: 1558 daAuts
     D:9: 1349 daAuts
  Lair:1: 1267 daAuts
  Lair:4: 912 daAuts
     D:5: 868 daAuts
  Lair:3: 841 daAuts
     D:4: 841 daAuts
     D:7: 823 daAuts
  Lair:2: 812 daAuts
     D:2: 764 daAuts
     D:3: 761 daAuts
     D:1: 758 daAuts
     D:6: 704 daAuts
  Temple: 332 daAuts
  Lair:5: 269 daAuts
